 Dungeon Crawl Stone Soup version 0.18-a0-1789-gbeff17f (webtiles) character file.

5576 M4edhros the Martial Artist (level 10, -8/56 HPs)
             Began as an Octopode Necromancer on Apr 21, 2016.
             Was a High Priest of Cheibriados.
             Shot with an arrow by a centaur (13 damage)
             ... on level 10 of the Dungeon.
             The game lasted 00:43:11 (5513 turns).

M4edhros the Martial Artist (Octopode Necromancer)  Turns: 5513, Time: 00:43:16

Health: -8/56      AC:  4    Str: 18    XL:     10   Next: 72%
Magic:  11/14      EV: 14    Int: 30    God:    Cheibriados [*****.]
Gold:   129        SH:  3    Dex: 36    Spells: 6 memorised, 2 levels left

rFire  + . .     SeeInvis .       - Unarmed
rCold  . . .     Gourm    .     (no shield)
rNeg   + . .     Faith    .     (helmet restricted)
rPois  .         Spirit   .     D - +3 amulet of reflection
rElec  .         Dismiss  .     e - ring of protection from fire
rCorr  +         Reflect  +     C - ring of positive energy
SustAt .         Harm     .     R - ring of resist corrosion
MR     .....     Rnd*Rage +     (no ring)
Stlth  ++........               (no ring)
                                (no ring)
                                (no ring)
                                (no ring)

@: lethally poisoned (-8 -> -9), about to teleport, regenerating, glowing, very
slow, not resistant to hostile enchantments, unstealthy
A: almost no armour, amphibious, 8 rings, constrict 8, slimy green scales 2,
camouflage 1, agile 2, berserk 1, sense surroundings 1, gelatinous body 1
a: Bend Time, Temporal Distortion, Slouch, Step From Time, Renounce Religion


You were on level 10 of the Dungeon.
You worshipped Cheibriados.
Cheibriados was extremely pleased with you.
You were not hungry.

You visited 2 branches of the dungeon, and saw 11 of its levels.
You also visited: Ossuary.

You collected 389 gold pieces.
You spent 260 gold pieces at shops.

Inventory:

Hand Weapons
 h - a +2 long sword of electrocution
 k - a +3 dagger of protection
 m - a +0 hunting sling
 s - a +0 blowgun
 u - a +2 trident of flaming
Missiles
 c - 445 stones (quivered)
 j - 169 sling bullets
 t - 8 poisoned needles
Magical Staves
 x - an uncursed staff of air
 L - an uncursed staff of summoning
Jewellery
 e - a ring of protection from fire (left tentacle)
 C - a ring of positive energy (right tentacle)
 D - a +3 amulet of reflection (around mantle)
 R - a ring of resist corrosion (on tentacle)
Wands
 f - a wand of enslavement (10/24)
 o - a wand of confusion (8/48)
 y - a wand of slowing (22/48)
 K - a wand of lightning (8/15)
 N - a wand of lightning (10/15)
Scrolls
 d - 2 scrolls of remove curse
 l - 3 scrolls of recharging
 n - a scroll of identify
 w - a scroll of holy word
 z - a scroll of magic mapping
 E - 3 scrolls of teleportation
 M - 2 scrolls of enchant armour
Potions
 g - 3 potions of flight
 p - 2 potions of berserk rage
 A - a potion of agility
 H - 2 potions of resistance
 J - a potion of might
Books
 a - a book of Necromancy

   Spells                             Type                      Level
   a - Pain                           Necromancy                   1
   b - Animate Skeleton               Necromancy                   1
   c - Vampiric Draining              Necromancy                   3
   d - Regeneration                   Charms/Necromancy            3
   e - Animate Dead                   Necromancy                   4
   f - Control Undead                 Necromancy                   4
 q - a Fen Folio

   Spells                             Type                      Level
   a - Corpse Rot                     Necromancy                   2
   b - Stone Arrow                    Conjuration/Earth            3
   c - Leda's Liquefaction            Hexes/Earth                  4
   d - Summon Forest                  Summoning/Translocation      5
   e - Hydra Form                     Transmutation                6
   f - Summon Hydra                   Summoning                    7
 v - a book of Frost

   Spells                             Type                      Level
   a - Freeze                         Ice                          1
   b - Throw Frost                    Conjuration/Ice              2
   c - Ozocubu's Armour               Charms/Ice                   3
   d - Throw Icicle                   Conjuration/Ice              4
   e - Summon Ice Beast               Ice/Summoning                4
 F - a book of Enchantments

   Spells                             Type                      Level
   a - Cause Fear                     Hexes                        4
   b - Yara's Violent Unravelling     Hexes/Transmutation          5
   c - Silence                        Hexes/Air                    5
   d - Deflect Missiles               Charms/Air                   6
   e - Haste                          Charms                       6
   f - Discord                        Hexes                        8
 I - the Almanac of Displaced Arcane Weapons
   (You found it on level 9 of the Dungeon)

   Spells                             Type                      Level
   a - Shock                          Conjuration/Air              1
   b - Portal Projectile              Translocation                3
   c - Fulminant Prism                Conjuration/Hexes            4
   d - Orb of Destruction             Conjuration                  7
Miscellaneous
 Q - a stone of tremors (inert)
Comestibles
 b - 4 bread rations
 i - 3 royal jellies
 r - 3 meat rations
 B - 2 beef jerkies
 G - a slice of pizza
 P - 16 fruits


   Skills:
 + Level 2.0 Dodging
 - Level 2.6 Stealth
 - Level 11.3 Unarmed Combat
 + Level 3.2 Spellcasting
 - Level 4.0 Necromancy
 * Level 8.9 Earth Magic
 - Level 5.3 Invocations


You had 2 spell levels left.
You knew the following spells:

 Your Spells              Type           Power        Failure   Level  Hunger
a - Pain                  Necr           ####         1%          1    None
b - Regeneration          Chrm/Necr      ###.......   12%         3    ##.....
c - Animate Skeleton      Necr           N/A          1%          1    None
d - Corpse Rot            Necr           N/A          1%          2    #......
e - Stone Arrow           Conj/Erth      ####..       3%          3    ##.....
f - Ozocubu's Armour      Chrm/Ice       #.......     24%         3    ##.....


Dungeon Overview and Level Annotations

Branches:
Dungeon (10/15)            Temple (1/1) D:4            Lair (0/8) D:8
    Orc (0/2) D:10

Altars:
Ashenzari
Cheibriados
Dithmenos
Elyvilon
Fedhas
Gozag
Kikubaaqudgha
Makhleb
Nemelex Xobeh
Pakellas
Qazlal
Ru
Trog
Vehumet
Yredelemnul
Zin

Shops:
D:5 %   D:7 (:   D:9 }

Annotations:
D:10 Qrupt's ghost, journeyman HaEn


Innate Abilities, Weirdness & Mutations

You cannot wear most types of armour.
You are amphibious.
You can wear up to eight rings at the same time.
You can use your tentacles to constrict eight enemies at once.
Your skin changes colour to match your surroundings (Stealth).
Your rubbery body absorbs attacks (AC +1).
You are mostly covered in slimy green scales (AC +3).
You are very agile. (Dex +4)
You tend to lose your temper in combat.
You passively map a small area around you.


Message History

Unknown command.
Casting: Animate Skeleton
Confirm with . or Enter, or press ? or * to list all spells.
Your skin crawls.
You feel sick. Qrupt's ghost hits you!
A centaur comes into view. It is wielding a long sword.
Read which item? (? for menu, Esc to quit)
As you read the scroll of teleportation, it crumbles to dust.
You feel strangely unstable.
You feel sick.
The centaur unwields an uncursed long sword.
The centaur wields a shortbow.
The centaur shoots an arrow.
The arrow hits you!
* * * LOW HITPOINT WARNING * * *
You block Qrupt's ghost's attack.
Drink which item? (? for menu, Esc to quit)
You feel better.
The centaur shoots an arrow.
The arrow hits you!
* * * LOW HITPOINT WARNING * * *
Qrupt's ghost hits you!
* * * LOW HITPOINT WARNING * * *
You are poisoned.
The centaur shoots an arrow.
The arrow hits you!
You die...

#.# ##.......#.# ,
#.### ##........#*
* #...#
,##.#.#.### , *
###<# * .#.# * #.#
# ...* , * #.#
#.#..# , **, * #.#
*##...## ##,, #.#
* ##.....#..# * *
♣♣## ##>.(..@.##
** ♣♣♣♣
♣..##......W..###*
, †..♣♣
....E..(.......c.
♣._.♣
*.#..........###..
, ....♣ *
.#.<.....## Z♣♣.♣
..#.....## * **
♣♣♣♣♣ # ##....#,,
♣ *, ##.### * * *
#.# *


You could see a centaur, Qrupt's ghost and a friendly earth elemental.

Vanquished Creatures
  The ghost of epen the Archer, a novice CeHu of Okawaru (D:7)
  A hill giant (D:9)
  A troll (D:10)
  Grinder (D:3)
  A wraith (D:7)
  2 hippogriffs
  2 sky beasts
  A black bear (D:8)
  An orc warrior (D:10)
  2 phantoms
  An ice beast (D:10)
  A centaur (D:7)
  7 ogres
  A big kobold (D:3)
  2 elf zombies (Ossuary)
  Blork the orc (D:5)
  6 giant frogs
  A gnoll sergeant (D:9)
  A scorpion (D:6)
  4 killer bees (D:10)
  5 wights (D:10)
  6 howler monkeys
  A giant frog zombie (D:6)
  2 crimson imps
  3 hounds
  2 centaur zombies (Ossuary)
  A giant frog skeleton (D:10)
  A jelly (D:8)
  3 orc priests
  5 orc wizards
  Ijyb (D:3)
  An iguana (D:6)
  4 worker ants
  2 big kobold zombies (Ossuary)
  2 mummies (Ossuary)
  13 gnolls
  10 adders
  An ooze (D:4)
  4 worms
  A dart slug (D:3)
  7 giant geckos
  18 orcs
  3 bats
  5 giant cockroaches
  25 goblins
  23 hobgoblins
  12 jackals
  8 kobolds
  2 quokkas
  A giant gecko skeleton (D:4)
  4 giant newts
  A goblin zombie (Ossuary)
  5 hobgoblin zombies (Ossuary)
  2 jackal zombies (Ossuary)
  7 kobold zombies (Ossuary)
  14 orc zombies (Ossuary)
  5 rats
  A rat zombie (Ossuary)
249 creatures vanquished.

Vanquished Creatures (collateral kills)
  A giant frog (D:9)
  A crimson imp (D:9)
  A gnoll (D:3)
  An adder (D:3)
  A shadow imp (D:8)
  A giant cockroach (D:8)
  7 hobgoblins (D:3)
  A bat (D:3)
  5 goblins (D:3)
19 creatures vanquished.

Vanquished Creatures (others)
  A gnoll (D:9)
1 creature vanquished.

Grand Total: 269 creatures vanquished

Notes
Turn   | Place    | Note
--------------------------------------------------------------
     0 | D:1      | M4edhros the Octopode Necromancer began the quest for the Orb.
     0 | D:1      | Reached XP level 1. HP: 11/11 MP: 3/3
    48 | D:1      | Gained mutation: One of your tentacles bears a spike. [potion of mutation]
    48 | D:1      | Gained mutation: Scrolls take you a little longer to read. [potion of mutation]
    48 | D:1      | Gained mutation: You are partially covered in slimy green scales (AC +2). [potion of mutation]
   112 | D:1      | Reached skill level 1 in Unarmed Combat
   116 | D:1      | Reached XP level 2. HP: 16/17 MP: 5/5
   216 | D:3      | Reached skill level 2 in Unarmed Combat
   304 | D:2      | Reached XP level 3. HP: 10/21 MP: 2/6
   309 | D:2      | Learned a level 3 spell: Regeneration
   392 | D:2      | Reached skill level 3 in Unarmed Combat
   452 | D:1      | Found a shattered altar of Ashenzari.
   513 | D:2      | Reached XP level 4. HP: 19/27 MP: 3/7
   557 | D:3      | Noticed Ijyb
   596 | D:3      | Killed Ijyb
   596 | D:3      | Reached skill level 4 in Unarmed Combat
   671 | D:3      | Reached XP level 5. HP: 10/31 MP: 1/8
   920 | D:4      | Noticed an ogre
   925 | D:4      | Noticed an ogre
   937 | D:4      | Killed an ogre
   937 | D:4      | Reached skill level 5 in Unarmed Combat
   937 | D:4      | Reached XP level 6. HP: 32/36 MP: 6/9
   958 | D:4      | Reached skill level 6 in Unarmed Combat
  1139 | D:4      | Found an ancient bone altar of Kikubaaqudgha.
  1147 | D:4      | Found a shattered altar of Ashenzari.
  1152 | D:4      | Found a basalt altar of Yredelemnul.
  1157 | D:4      | Found a burning altar of Makhleb.
  1162 | D:4      | Found a sparkling altar of Nemelex Xobeh.
  1166 | D:4      | Found a stormy altar of Qazlal.
  1173 | D:4      | Found a sacrificial altar of Ru.
  1209 | D:5      | Entered Level 5 of the Dungeon
  1307 | D:5      | Found a sand-covered staircase.
  1312 | Ossuary  | Entered an ossuary
  1634 | Ossuary  | Reached skill level 7 in Unarmed Combat
  1634 | Ossuary  | Reached XP level 7. HP: 25/41 MP: 1/10
  1910 | Ossuary  | Gained mutation: You are agile. (Dex +2) [potion of mutation]
  1911 | Ossuary  | Gained mutation: Scrolls take you longer to read. [potion of mutation]
  1911 | Ossuary  | Gained mutation: You are very agile. (Dex +4) [potion of mutation]
  2021 | D:5      | Found Hunual's Food Emporium.
  2336 | D:4      | Found a staircase to the Ecumenical Temple.
  2342 | Temple   | Entered the Ecumenical Temple
  2354 | Temple   | Became a worshipper of Cheibriados the Contemplative
  2416 | D:3      | Reached skill level 8 in Unarmed Combat
  2451 | D:3      | Learned a level 1 spell: Animate Skeleton
  2476 | D:3      | Learned a level 2 spell: Corpse Rot
  2591 | D:3      | Reached * piety under Cheibriados
  2733 | D:3      | Reached ** piety under Cheibriados
  2827 | D:3      | Reached XP level 8. HP: 41/46 MP: 9/11
  2907 | D:3      | Reached skill level 9 in Unarmed Combat
  2909 | D:3      | Reached *** piety under Cheibriados
  2942 | D:3      | Noticed Grinder
  2952 | D:3      | Killed Grinder
  3118 | D:3      | Learned a level 3 spell: Stone Arrow
  3221 | D:4      | Reached skill level 1 in Earth Magic
  3263 | D:5      | Noticed Blork the orc
  3270 | D:5      | Killed Blork the orc
  3528 | D:7      | Reached **** piety under Cheibriados
  3543 | D:7      | Reached XP level 9. HP: 44/51 MP: 12/12
  3589 | D:7      | Noticed epen's ghost (novice CeHu)
  3618 | D:7      | Killed epen's ghost
  3618 | D:7      | Reached skill level 10 in Unarmed Combat
  3625 | D:7      | Learned a level 3 spell: Ozocubu's Armour
  3761 | D:7      | Found Jejodd's Book Emporium.
  3810 | D:7      | Reached skill level 5 in Earth Magic
  3825 | D:7      | Reached skill level 5 in Invocations
  3914 | D:7      | Found Bouppoci's Weapon Shop.
  3960 | D:8      | Found a staircase to the Lair.
  4211 | D:8      | Reached ***** piety under Cheibriados
  4307 | D:8      | Reached XP level 10. HP: 27/56 MP: 14/14
  4399 | D:9      | Identified the Almanac of Displaced Arcane Weapons
  4547 | D:9      | Found Keom's Gadget Shop.
  4599 | D:9      | Bought an ornate deck of wonders for 260 gold pieces
  4599 | D:9      | Drew Focus: Dex increased to 18, Str decreased to 6
  4601 | D:9      | Lost mutation: Scrolls take you longer to read. [helix card]
  4602 | D:9      | Drew Focus: Dex increased to 19, Str decreased to 5
  4880 | D:9      | Noticed a hill giant
  4895 | D:9      | Killed a hill giant
  4950 | D:10     | Entered Level 10 of the Dungeon
  5015 | D:10     | Reached skill level 11 in Unarmed Combat
  5047 | D:10     | Found a blossoming altar of Fedhas.
  5149 | D:10     | Lost mutation: One of your tentacles bears a spike. [mutagenic meat]
  5150 | D:10     | Lost mutation: Scrolls take you a little longer to read. [mutagenic meat]
  5151 | D:10     | Gained mutation: You are mostly covered in slimy green scales (AC +3). [mutagenic meat]
  5152 | D:10     | Gained mutation: You passively map a small area around you. [mutagenic meat]
  5153 | D:10     | Gained mutation: You tend to lose your temper in combat. [mutagenic meat]
  5160 | D:10     | Found a staircase to the Orcish Mines.
  5181 | D:10     | Noticed a hill giant
  5469 | D:10     | Noticed Qrupt's ghost (journeyman HaEn)
  5513 | D:10     | Shot with an arrow by a centaur

Vault maps used:
D:1:      dpeg_arrival_chase, hangedman_feature_mirror, evilmike_ruin_ashenzari
D:2:      first_bread
D:3:      minmay_goblin_kobold_castle, serial_curves, eino_curves_03,
          eino_curves_04, uniq_grinder, uniq_terence, uniq_iyjb
D:4:      grunt_temple_overflow_octagram, minmay_temple_entry_enclosed_plants
D:5:      enter_ossuary_5, serial_shops, nicolae_shop_behind_doors,
          uniq_blork_the_orc
D:6:      tso_altar
D:7:      serial_shops, shop, nicolae_shop_trees
D:8:      lair_0_dummy
D:9:      serial_shops, shop
D:10:     orc_0_dummy, hangedman_tree_tricks
Temple:   circular_temple_12
Ossuary:  ossuary_tomb_1

Skill      XL: |  1  2  3  4  5  6  7  8  9 10 |
---------------+-------------------------------+-----
Unarmed Combat | 1 2 3 4 5 7 8 9 10 11 | 11.3
Invocations    | 3 5 |  5.3
Earth Magic    | 3 6 8 |  8.9
Spellcasting   | 3 |  3.2
Dodging        | |  2.0
Stealth        | |  2.6
Necromancy     | |  4.0

Action                   |  1- 3 |  4- 6 |  7- 9 | 10-12 || total
-------------------------+-------+-------+-------+-------++-------
Melee: Unarmed           |    44 |    42 |    71 |    99 ||   256
       Kick              |    10 |    36 |   110 |    34 ||   190
       Constrict         |     9 |    37 |    60 |    26 ||   132
       Tentacles         |     7 |    30 |    67 |    41 ||   145
       Dagger            |       |    23 |       |       ||    23
       Long sword        |       |    72 |   133 |       ||   205
       Punch             |       |     1 |    24 |    15 ||    40
       Trident           |       |       |    56 |       ||    56
 Fire: Blowgun           |       |       |     3 |     4 ||     7
       Hunting sling     |       |       |    11 |     5 ||    16
 Cast: Pain              |    14 |    24 |     8 |     6 ||    52
       Regeneration      |     4 |    14 |    30 |     7 ||    55
       Animate Skeleton  |       |       |    27 |     9 ||    36
       Stone Arrow       |       |       |     1 |     2 ||     3
       Ozocubu's Armour  |       |       |     1 |     3 ||     4
Invok: Bend Time         |       |       |     2 |     1 ||     3
Evoke: Wand              |       |     4 |    11 |     9 ||    24
       Deck              |       |       |       |     6 ||     6
       Stone of tremors  |       |       |       |     1 ||     1
  Use: Potion            |     2 |     3 |     4 |     1 ||    10
       Scroll            |       |    11 |     4 |     7 ||    22
 Stab: Sleeping          |     3 |     5 |    20 |    10 ||    38
       Distracted        |       |       |     2 |     1 ||     3
       Confused          |       |       |     5 |     4 ||     9
  Eat: Chunk             |       |     4 |    10 |     9 ||    23
       Meat ration       |       |     1 |       |       ||     1
Armor: Skin              |     8 |    40 |    37 |    13 ||    98
Dodge: Dodged            |    22 |    98 |   197 |    42 ||   359
Block: Other             |       |       |       |     5 ||     5
